 Dungeon Crawl Stone Soup version 0.31.0-32-g396128a36d (webtiles) character file.

Game seed: 16102750183112415673

23285 PaiMei the Artisan of Death (level 12, 0/99 HPs)
             Began as a Demonspawn Necromancer on Apr 23, 2024.
             Was a Priest of Kikubaaqudgha.
             Slain by a skyshark (19 damage)
             ... on level 3 of the Lair of Beasts.
             The game lasted 00:27:37 (19739 turns).

PaiMei the Artisan of Death (DsNe)                 Turns: 19739, Time: 00:27:37

Health: 0/99       AC:  6    Str: 10    XL:     12   Next: 70%
Magic:  29/44      EV: 17    Int: 20    God:    Kikubaaqudgha [***...]
Gold:   871        SH:  0    Dex: 15    Spells: 18/31 levels left

rFire   . . .        h - +2 morningstar "Zootibea" {vamp, Will+ Str+2}
rCold   . . .        (no shield)
rNeg    . . .        A - +0 steam dragon scales
rPois   .            (helmet restricted)
rElec   .            (no cloak)
rCorr   .            o - +0 pair of gloves
SInv    .            (boots unavailable)
Will    +....        a - amulet of regeneration
Stlth   ++           e - ring of magical power
HPRegen 1.16/turn    n - ring of magical power
MPRegen 0.29/turn

%: no passive effects
@: animating dead
A: hooves 3, horns 1, foul stench 3, demonic touch 1
a: Renounce Religion, Unearth Wretches


You were on level 3 of the Lair of Beasts.
You worshipped Kikubaaqudgha.
Kikubaaqudgha was most pleased with you.
You visited 3 branches of the dungeon, and saw 15 of its levels.

You collected 871 gold pieces.

Inventory:

Hand Weapons
 h - the +2 morningstar "Zootibea" (weapon) {vamp, Will+ Str+2}
   (You found it on level 3 of the Lair of Beasts)

   Str+2:     It affects your strength (+2).
   Will+:     It increases your willpower.
 s - a +2 flail of protection
 u - a +1 short sword of venom
Missiles
 c - 16 poisoned darts
 x - 5 curare-tipped darts (quivered)
 y - a throwing net
Armour
 o - a +0 pair of gloves (worn)
 r - a +0 pair of boots
 A - +0 steam dragon scales (worn)
 C - a +0 ring mail of fire resistance
Jewellery
 a - an amulet of regeneration (around neck)
 d - an amulet of guardian spirit
 e - a ring of magical power (left hand)
 n - a ring of magical power (right hand)
 K - a +6 ring of strength
 N - an amulet of faith
Wands
 i - a wand of mindburst (17)
 v - a wand of polymorph (8)
 w - a wand of charming (3)
 F - a wand of light (4)
 G - a wand of iceblast (2)
Scrolls
 l - 2 scrolls of enchant armour
 m - a scroll of brand weapon {unknown}
 p - 5 scrolls of fear
 q - 5 scrolls of teleportation
 t - 2 scrolls of fog
 B - a scroll of immolation {unknown}
 I - 2 scrolls of amnesia
 J - a scroll of blinking {unknown}
Potions
 b - 3 potions of magic
 f - a potion of mutation {unknown}
 g - 4 potions of heal wounds
 j - 6 potions of curing
 k - a potion of brilliance {unknown}
 z - 2 potions of attraction
 D - 2 potions of lignification
 E - a potion of enlightenment {unknown}
 H - 2 potions of resistance {unknown}
 L - a potion of cancellation {unknown}
 M - 2 potions of degeneration {unknown}


   Skills:
 + Level 10.8 Fighting
 + Level 10.2 Dodging
 - Level 2.0 Stealth
 + Level 10.2 Spellcasting
 + Level 12.7 Necromancy


You had 18 spell levels left.
You knew the following spells:

 Your Spells              Type           Power      Damage    Failure   Level
a - Necrotise             Necr           100%       1d9       1%          1
b - Vampiric Draining     Necr           57%        2d10      1%          3
c - Animate Dead          Necr           57%        N/A       1%          4
d - Curse of Agony        Necr           57%        N/A       1%          5

Your spell library contained the following spells:

 Spells                   Type           Power      Damage    Failure   Level
 Cigotuvi's Dreadful Rot  Necr/Alch/Air  54%        N/A       1%          2
 Sublimation of Blood     Necr           57%        N/A       1%          2
 Dispel Undead            Necr           57%        3d20      1%          4
 Anguish                  Hex/Necr       17%        N/A       4%          4
 Freeze                   Ice            40%        1d6       7%          1
 Magic Dart               Conj           40%        1d5       7%          1
 Sting                    Conj/Alch      40%        1d5       7%          1
 Blink                    Tloc           20%        N/A       11%         2
 Call Imp                 Summ           20%        N/A       11%         2
 Jinxbite                 Hex            20%        N/A       11%         2
 Lesser Beckoning         Tloc           20%        N/A       11%         2
 Mercury Vapours          Alch/Air       20%        N/A       11%         2
 Borgnjor's Vile Clutch   Necr/Erth      17%        N/A       14%         5
 Frozen Ramparts          Ice            20%        1d4       21%         3
 Gell's Gravitas          Tloc           10%        N/A       21%         3
 Hailstorm                Conj/Ice       10%        3d6       21%         3
 Inner Flame              Hex/Fire       10%        N/A       21%         3
 Mephitic Cloud           Conj/Alch/Air  10%        N/A       21%         3
 Summon Ice Beast         Ice/Summ       10%        N/A       21%         3
 Teleport Other           Tloc           10%        N/A       21%         3
 Flame Wave               Conj/Fire      10%        2d6       56%         4
 Ignite Poison            Fire/Alch      10%        N/A       56%         4
 Leda's Liquefaction      Alch/Erth      5%         N/A       56%         4
 Manifold Assault         Tloc           10%        N/A       56%         4
 Olgreb's Toxic Radiance  Alch           10%        N/A       56%         4
 Petrify                  Alch/Erth      10%        N/A       56%         4
 Sticky Flame             Fire/Alch      10%        2d5       56%         4
 Freezing Cloud           Conj/Ice/Air   5%         6-21      88%         5
 Irradiate                Conj/Alch      5%         3d13      88%         5
 Metabolic Englaciation   Hex/Ice        5%         N/A       88%         5
 Summon Mana Viper        Hex/Summ       10%        N/A       88%         5
 Yara's Violent Unravell  Hex/Alch       5%         3d4       88%         5
 Dispersal                Tloc           5%         N/A       100%        6
 Enfeeble                 Hex            5%         N/A       100%        7
 Monstrous Menagerie      Summ           5%         N/A       100%        7
 Disjunction              Tloc           5%         N/A       100%        8
 Ignition                 Fire           5%         3d4       100%        8


Dungeon Overview and Level Annotations

Branches:
Dungeon (10/15)            Temple (1/1) D:4            Lair (4/5) D:9
 Shoals (0/4) Lair:3        Snake (0/4) Lair:2
  Slime: Lair:4-5       Orc: D:9-12

Altars:
Ashenzari
Cheibriados
Dithmenos
Fedhas
Gozag
Hepliaklqana
Kikubaaqudgha
Makhleb
Nemelex Xobeh
Okawaru
Qazlal
Sif Muna
Trog
Uskayaw
Vehumet
Wu Jian
Xom
Yredelemnul

Shops:
D:6 =   D:9 *


Innate Abilities, Weirdness & Mutations

You have hooves in place of feet.
You have a pair of small horns on your head.
You frequently emit foul miasma when damaged in melee.
Your touch may inflict minor irresistible damage on your foes.


Message History

You climb upwards.
There is a stone staircase leading down here.
Casting: Vampiric Draining (safe; 1% risk of failure)
Confirm with . or Enter, or press ? or * to list all spells.
Aiming: Curse of Agony (dangerous; 1% risk of failure)
Press: ? - help, Shift-Dir - straight line, f - skyshark
Aim: a skyshark (lightly wounded, strong, chance to affect: 83%)
The skyshark is cursed with the promise of agony.
The skyshark closely misses you. The skyshark tail-slaps you!
The skyshark closely misses you.
Casting: Curse of Agony (dangerous; 1% risk of failure)
Confirm with . or Enter, or press ? or * to list all spells.
Aiming: Vampiric Draining (safe; 1% risk of failure)
Press: ? - help, Shift-Dir - straight line, f/p - skyshark
Aim: a skyshark (lightly wounded, strong, cursed with the promise of agony)
You draw life force from the skyshark!
You feel life coursing into your body. The skyshark completely misses you.
The skyshark closely misses you. x2
Casting: Vampiric Draining (safe; 1% risk of failure)
Confirm with . or Enter, or press ? or * to list all spells.
Aiming: Vampiric Draining (safe; 1% risk of failure)
Press: ? - help, Shift-Dir - straight line, f/p - skyshark
Aim: a skyshark (lightly wounded, strong, cursed with the promise of agony)
You draw life force from the skyshark.
You feel life coursing into your body. The skyshark bites you!!
The skyshark enters a blood-rage!
The skyshark tail-slaps you. The skyshark tail-slaps you!
* * * LOW HITPOINT WARNING * * *
Casting: Vampiric Draining (safe; 1% risk of failure)
Confirm with . or Enter, or press ? or * to list all spells.
Aiming: Vampiric Draining (safe; 1% risk of failure)
Press: ? - help, Shift-Dir - straight line, f/p - skyshark
Aim: a skyshark (moderately wounded, berserk, cursed with the promise of agony)
You draw life force from the skyshark!
You feel life coursing into your body. The skyshark misses you.
The skyshark tail-slaps you.
* * * LOW HITPOINT WARNING * * *
You emit a cloud of foul miasma!
The skyshark tail-slaps you!
* * * LOW HITPOINT WARNING * * *
The skyshark is engulfed in dark miasma.
The skyshark is poisoned.
The skyshark bites you!!
You die...
Kikubaaqudgha rasps: "You have failed me!
Welcome... death!"

...# #.#....## ##.....)........
...# ##.....# #...............
...# #.#....# ##..............
...#
###....#######..............
...# #....#..#.#.......####.#..
...#####.................# ###..
........................## #...
..#..................)..# #P..
##......P#.##...@.......## #...
##......####...F........## ##..
#......P# #............#.# #..
##<.....# ##(...........######..
#......## #)...................
#P.....P# #.......#P#.#.#.P#P##
#......#####.......#######.#####
##.....###........### ### #
###......####........# ##


You could see a skyshark (berserk, poisoned, agonized).

Vanquished Creatures
  A two-headed ogre (D:8)
  A black mamba (Lair:2)
  8 cane toads
  4 rime drakes
  8 komodo dragons
  A polar bear (Lair:4)
  2 hornets
  4 blink frogs (Lair:3)
  Sigmund (D:5)
  15 yaks
  5 wyverns
  10 steam dragons
  Grum (D:8)
  Edmund (D:4)
  2 acid dragons
  A naga (Lair:2)
  8 water moccasins
  2 ice beasts
  3 orc warriors
  4 black bears (Lair:3)
  3 sky beasts
  6 wolves
  5 centaurs
  3 ogres
  2 phantoms
  2 kobold brigands
  5 bullfrogs
  9 scorpions
  16 killer bees
  An electric eel (D:6)
  4 howler monkeys (D:9)
  4 hounds
  4 jellies
  4 orc priests
  A gnoll bouda (D:7)
  3 iguanas
  Ijyb (D:5)
  10 orc wizards
  Robin (D:3)
  5 gnolls (D:7)
  7 adders
  2 white imps
  2 ufetubi (D:6)
  2 dart slugs
  27 orcs
  A bat (D:3)
  8 endoplasms
  18 goblins
  11 hobgoblins
  3 jackals (D:1)
  3 quokkas
  2 ball pythons
  6 frilled lizards
  28 kobolds
  4 rats
295 creatures vanquished.

Vanquished Creatures (collateral kills)
  A hydra (Lair:3)
  A lindwurm (Lair:3)
  A black mamba (Lair:3)
  6 cane toads
  A komodo dragon (Lair:1)
  A polar bear (Lair:3)
  A dream sheep (Lair:4)
  2 yaks
  A steam dragon (Lair:3)
  A water moccasin (Lair:1)
  A black bear (Lair:3)
  2 wolves (Lair:3)
  6 bullfrogs
  A goblin (D:3)
  A hobgoblin (D:3)
  A frilled lizard (D:1)
28 creatures vanquished.

Vanquished Creatures (others)
  A black mamba zombie (Lair:3)
  2 yaks (D:8)
  A cane toad zombie (Lair:3)
  2 komodo dragon zombies
  A kobold brigand (D:8)
  A water moccasin zombie (Lair:2)
  2 yak zombies (Lair:1)
  A howler monkey (D:8)
  2 black bear zombies (Lair:3)
  2 orc wizards
  A steam dragon zombie (Lair:3)
  An orc (D:8)
17 creatures vanquished.

Grand Total: 340 creatures vanquished

Notes
Turn   | Place    | Note
-------+----------+-------------------------------------------
     0 | D:1      | PaiMei the Demonspawn Necromancer began the quest for the
                  | Orb.
     0 | D:1      | Reached XP level 1. HP: 13/13 MP: 3/3
   221 | D:1      | Gained mutation: You may rarely emit foul miasma when
                  | damaged in melee. [demonic ancestry]
   221 | D:1      | Reached XP level 2. HP: 17/19 MP: 1/5
  1253 | D:2      | Discovered your monstrous ancestry.
  1253 | D:2      | Gained mutation: You have large cloven feet. [demonic
                  | ancestry]
  1253 | D:2      | Reached XP level 3. HP: 25/25 MP: 6/6
  1257 | D:2      | Learned a level 3 spell: Vampiric Draining
  2059 | D:3      | Reached skill level 1 in Fighting
  2196 | D:3      | Noticed Robin
  2197 | D:3      | Gained mutation: You sometimes emit foul miasma when
                  | damaged in melee. [demonic ancestry]
  2197 | D:3      | Reached XP level 4. HP: 27/32 MP: 7/7
  2231 | D:3      | Killed Robin
  2246 | D:3      | Reached skill level 5 in Necromancy
  2988 | D:3      | Found an opulent altar of Gozag.
  2988 | D:3      | Found a sparkling altar of Nemelex Xobeh.
  3187 | D:4      | Noticed Edmund
  3449 | D:4      | Noticed a scorpion
  3453 | D:4      | Killed a scorpion
  3454 | D:4      | Reached XP level 5. HP: 38/38 MP: 9/9
  3734 | D:4      | Killed Edmund
  3735 | D:4      | Gained mutation: You have a pair of small horns on your
                  | head. [demonic ancestry]
  3735 | D:4      | Reached XP level 6. HP: 41/46 MP: 7/11
  4069 | D:4      | Found a staircase to the Ecumenical Temple.
  4079 | Temple   | Entered the Ecumenical Temple
  4261 | D:4      | Found a shadowy altar of Dithmenos.
  4279 | D:4      | Reached skill level 6 in Necromancy
  4279 | D:4      | Reached XP level 7. HP: 52/52 MP: 12/12
  5214 | D:5      | Entered Level 5 of the Dungeon
  5255 | D:5      | Noticed Ijyb
  5271 | D:5      | Killed Ijyb
  5652 | D:5      | Noticed Sigmund
  5738 | D:5      | Killed Sigmund
  5739 | D:5      | Gained mutation: You have hoof-like feet. [demonic
                  | ancestry]
  5739 | D:5      | Reached XP level 8. HP: 61/61 MP: 14/15
  5839 | D:5      | Reached skill level 7 in Necromancy
  5902 | D:5      | Found a basalt altar of Yredelemnul.
  5929 | D:5      | Found a bloodstained altar of Trog.
  6113 | D:5      | Reached skill level 5 in Spellcasting
  6274 | D:5      | Reached skill level 5 in Dodging
  6455 | D:6      | Reached skill level 5 in Fighting
  6493 | D:6      | Found a hide-covered altar of Uskayaw.
  6543 | D:6      | Found a broken altar of Ashenzari.
  6845 | D:6      | Reached XP level 9. HP: 68/68 MP: 17/17
  6877 | D:6      | Learned a level 4 spell: Animate Dead
  6883 | D:6      | Learned a level 5 spell: Curse of Agony
  6896 | D:6      | Found Elofionn's Jewellery Shoppe.
  6962 | D:6      | Found an ornate altar of the Wu Jian Council.
  7070 | D:6      | Reached skill level 8 in Necromancy
  8742 | D:8      | Found a shimmering altar of Xom.
  9021 | D:8      | Reached skill level 9 in Necromancy
  9605 | D:8      | Noticed a two-headed ogre
  9650 | D:8      | Found an ancient bone altar of Kikubaaqudgha.
  9668 | D:8      | Became a worshipper of Kikubaaqudgha
  9920 | D:8      | Gained mutation: You frequently emit foul miasma when
                  | damaged in melee. [demonic ancestry]
  9920 | D:8      | Reached XP level 10. HP: 77/79 MP: 20/20
  9948 | D:8      | Killed a two-headed ogre
 10254 | D:8      | Noticed Grum
 10286 | D:8      | Killed Grum
 10866 | D:9      | Found an iron altar of Okawaru.
 10941 | D:9      | Reached * piety under Kikubaaqudgha
 10941 | D:9      | Received a gift from Kikubaaqudgha
 11485 | D:9      | Found Caneq's Assorted Antiques.
 11716 | D:9      | Found a staircase to the Lair.
 11791 | D:10     | Entered Level 10 of the Dungeon
 11989 | D:9      | Reached skill level 10 in Necromancy
 12668 | D:10     | Found a shimmering blue altar of Sif Muna.
 12717 | D:10     | Found a blossoming altar of Fedhas.
 13154 | Lair:1   | Entered Level 1 of the Lair of Beasts
 13176 | Lair:1   | HP: 4/80 [komodo dragon (26)]
 13487 | Lair:1   | Noticed a cane toad
 13488 | Lair:1   | Noticed a cane toad
 13496 | Lair:1   | Killed a cane toad
 13515 | Lair:1   | Killed a cane toad
 13516 | Lair:1   | Gained mutation: Your touch may inflict minor irresistible
                  | damage on your foes. [demonic ancestry]
 13516 | Lair:1   | Reached XP level 11. HP: 87/87 MP: 23/23
 14130 | Lair:1   | Reached ** piety under Kikubaaqudgha
 14824 | Lair:2   | Reached skill level 11 in Necromancy
 16141 | Lair:2   | Found a staircase to the Snake Pit.
 16834 | Lair:3   | Gained mutation: You have hooves in place of feet. [demonic
                  | ancestry]
 16834 | Lair:3   | Reached XP level 12. HP: 89/97 MP: 25/25
 16841 | Lair:3   | Reached *** piety under Kikubaaqudgha
 16841 | Lair:3   | Received a gift from Kikubaaqudgha
 16910 | Lair:3   | Reached skill level 10 in Fighting
 17161 | Lair:3   | Reached skill level 12 in Necromancy
 17865 | Lair:3   | Found a staircase to the Shoals.
 18345 | Lair:3   | Reached skill level 10 in Spellcasting
 18348 | Lair:3   | Reached skill level 10 in Dodging
 18731 | Lair:3   | Identified the +2 morningstar "Zootibea" {vamp, Will+
                  | Str+2}
 18757 | Lair:3   | Noticed an eight-headed hydra
 18763 | Lair:3   | Killed an eight-headed hydra
 19739 | Lair:3   | Slain by a skyshark

Illustrated notes

Levels and vault maps discovered:
D:1:      dpeg_arrival_renting, layout_basic
D:2:      layout_loops_corners
D:3:      layout_loops_ring, grunt_temple_overflow_opulence, serial_glass,
          glass_columns_c, glass_columns_c, glass_columns_c, glass_columns_b,
          mrwooster_statue_mirror, uniq_robin
D:4:      kennysheep_kobold_camp, layout_loops_ring,
          nicolae_dithmenos_shadow_blocks,
          minmay_temple_entry_statues_fountains, uniq_edmund
D:5:      layout_rooms, mainiacjoe_overflow_two_lobes, uniq_ijyb, uniq_sigmund
D:6:      layout_rooms, pdpol_wu_jian_five_deadly_venoms,
          eat_drink_and_be_merry_uskayaw, mainiacjoe_overflow_small_starburst,
          tso_oasis_becter, minmay_shop_enchanted_jewellery, minivault_14
D:7:      layout_loops_corners, amcnicky_altar_gilded
D:8:      layout_gridville, xom_confusion_cloud,
          mainiacjoe_overflow_cross_hatched, uniq_grum
D:9:      layout_roguey, kennysheep_okawaru_gauntlet, david_lair_shrubbed,
          serial_shops, shop
D:10:     layout_rooms, mainiacjoe_overflow_surrounded_room,
          mainiacjoe_overflow_boulevard, overflow_temple_1_default
Temple:   nicolae_temple_superstar
Lair:1:   layout_long_grid, lemuel_fruit_tree
Lair:2:   layout_small_grid, guppyfry_snake_entry_garden, ldierk_geyser
Lair:3:   cheibrodos_lair_overgrown_chateau, layout_chaotic_city,
          elwin_shoals_entry_rooms, bobbens_dragon_lair_wall,
          serial_bayou_shore_b
Lair:4:   layout_layer_cave, dpeg_slime_entry_enclosed

Skill      XL: |  1  2  3  4  5  6  7  8  9 10 11 12 |
---------------+-------------------------------------+-----
Dodging        | 2 3 4 5 6 8 9 10 | 10.2
Stealth        | 2 |  2.0
Fighting       | 1 2 3 4 5 7 8 9 10 | 10.8
Necromancy     | 5 6 7 9 10 11 12 | 12.7
Spellcasting   | 3 4 5 6 8 9 10 | 10.2

Action                     |  1- 3 |  4- 6 |  7- 9 | 10-12 || total
---------------------------+-------+-------+-------+-------++-------
  Melee: Flail             |    14 |     8 |   116 |    89 ||   227
         Kick              |       |     3 |       |    11 ||    14
         Headbutt          |       |       |    10 |    23 ||    33
         Punch             |       |       |     1 |       ||     1
         Touch             |       |       |       |    12 ||    12
         Morningstar       |       |       |       |     8 ||     8
   Cast: Necrotise         |    57 |    57 |   132 |   100 ||   346
         Vampiric Draining |     1 |    19 |    94 |   247 ||   361
         Curse of Agony    |       |       |       |    19 ||    19
         Animate Dead      |       |       |       |    10 ||    10
    Use: Scroll            |       |       |       |    11 ||    11
         Potion            |       |       |       |     1 ||     1
   Stab: Distracted        |       |       |       |     3 ||     3
 Armour: Robe              |    15 |     1 |       |       ||    16
         Animal skin       |       |    15 |    99 |       ||   114
         Skin              |       |       |    34 |       ||    34
         Steam dragon scal |       |       |    73 |   350 ||   423
  Dodge: Dodged            |    19 |    23 |   195 |   417 ||   654
